Map: Heavy Artillery LE

Players

qqq

  • Race: Zerg Zerg
  • League: Platinum
  • Spawn Location: 7:00

Massa

  • Race: Terran Terran
  • League: Platinum
  • Spawn Location: 7:00

Strikhue - Winner!

  • Race: Terran Terran
  • Spawn Location: 3:00

Ostetheo - Winner!

  • Race: Protoss Protoss
  • Spawn Location: 1:00

VOD

Have the link to the VOD?

Description

Time

  • Played on: Dec. 3, 2020, 4:54 p.m.
  • Length: 9:00
Show
View Real Time Build Order
Export as new Build Order

qqq Zerg 

Build Orders: Hatch First, Muta Ling Bane 

Get SALT Encoding   

  12  0:00  Drone  
  13  0:08  Drone  
  14  0:17  Overlord  
  14  0:45  Hatchery  
  13  0:58  Drone x2  
  13  0:59  Drone  
  16  1:15  Spawning Pool  
  15  1:22  Drone  
  15  1:23  Drone  
  16  1:26  Extractor  
  15  1:35  Drone  
  16  1:50  Drone  
  17  1:59  Drone  
  17  2:00  Drone  
  19  2:02  Queen  
  19  2:04  Queen  
  19  2:08  Drone  
  24  2:12  Drone  
  25  2:19  Overlord  
  25  2:24  Drone  
  26  2:39  Lair  
  26  2:50  Drone x2  
  28  2:51  Zergling x2  
  28  2:52  Zergling x2, Overlord  
  28  2:57  Drone  
  31  3:03  Zergling x2  
  32  3:13  Drone x2  
  32  3:16  Drone x4  
  38  3:20  Extractor  
  38  3:21  Extractor  
  36  3:28  Queen  
  36  3:29  Drone  
  39  3:45  Spire  
  39  3:46  Drone, Overlord  
  39  3:47  Drone x2  
  41  3:55  Drone x3  
  44  4:00  Overlord  
  44  4:05  Drone  
  45  4:11  Drone, Baneling Nest  
  45  4:13  Zergling x2  
  45  4:14  Drone  
  47  4:29  Extractor  
  46  4:33  Zergling x2, Overlord  
  46  4:35  Zergling x2  
  46  4:37  Drone  
  49  4:39  Drone  
  49  4:43  Drone x2  
  49  4:45  Hatchery  
  51  4:51  Drone  
  52  4:56  Mutalisk x2  
  56  5:00  Corruptor  
  56  5:05  Baneling x2  
  58  5:14  Mutalisk  
  58  5:20  Baneling x3  
  58  5:21  Baneling  
  60  5:32  Mutalisk x2  
  60  5:33  Mutalisk  
  60  5:34  Drone x2  
  64  5:49  Mutalisk, Zerg Flyer Weapons Level 1  
  64  5:54  Mutalisk  
  68  6:17  Overlord  
  68  6:18  Overlord x3  
  68  6:19  Overlord x4  
  68  6:40  Infestation Pit  
  68  6:41  Metabolic Boost  
  67  6:56  Drone x3  
  67  6:58  Mutalisk x2  
  67  6:59  Mutalisk  
  67  7:01  Drone x3  
  78  7:03  Queen  
  78  7:06  Hatchery  
  80  7:14  Centrifical Hooks  
  80  7:16  Overlord  
  80  7:17  Zergling x4  
  80  7:18  Drone  
  80  7:19  Corruptor  
  77  7:41  Mutalisk x2  
  77  7:43  Drone x2  
  79  7:52  Extractor  
  79  7:53  Drone  
  79  7:54  Extractor  
  77  8:07  Mutalisk x3  
  77  8:09  Drone x2  
  79  8:27  Mutalisk  
  79  8:28  Mutalisk  
  71  8:35  Mutalisk  
  71  8:37  Drone x6  
Show
View Real Time Build Order
Export as new Build Order

Massa Terran 

Build Orders:  

Get SALT Encoding   

  12  0:00  SCV  
  13  0:12  SCV  
  14  0:22  Supply Depot  
  14  0:25  SCV  
  15  0:43  SCV  
  15  0:44  Barracks  
  16  0:55  SCV  
  17  1:08  SCV  
  17  1:11  Refinery  
  18  1:20  SCV  
  19  1:32  SCV  
  20  1:33  Marine  
  21  1:43  Command Center  
  21  1:44  Orbital Command  
  21  1:59  Reaper  
  22  2:16  SCV  
  23  2:33  Engineering Bay, Supply Depot  
  23  2:35  Barracks Reactor, Command Center  
  23  2:51  Refinery  
  23  2:59  SCV  
  23  3:00  Orbital Command  
  24  3:11  SCV  
  25  3:23  SCV  
  25  3:28  Marine x2  
  25  3:32  Barracks  
  27  3:36  Bunker  
  27  3:37  SCV  
  27  3:38  SCV  
  27  3:40  Barracks  
  29  3:46  Marine x2  
  31  3:49  SCV  
  31  3:50  SCV  
  31  3:51  SCV  
  34  3:57  Missile Turret  
  34  4:04  Marine, Missile Turret  
  34  4:05  SCV x2  
  37  4:17  Marine  
  37  4:20  Factory  
  37  4:22  Marine  
  39  4:24  Supply Depot  
  39  4:26  Supply Depot  
  39  4:33  Barracks Tech Lab  
  39  4:35  Marine  
  39  4:36  SCV x2  
  39  4:37  SCV  
  43  4:39  Marine  
  44  4:48  SCV  
  45  4:59  Barracks  
  45  5:00  Marine x2  
  45  5:01  Barracks Tech Lab  
  44  5:13  Factory Tech Lab  
  44  5:14  Marauder  
  45  5:18  Marine x2  
  45  5:47  SCV x3  
  48  5:50  Barracks Tech Lab  
  48  5:51  Factory Tech Lab  
  47  6:04  Marauder, Marine x2  
  48  6:21  Marine x2  
  48  6:25  Marine  
  51  6:36  SCV  
  52  6:41  Orbital Command  
  52  6:48  SCV  
  53  6:57  Refinery  
  53  6:59  Refinery  
  53  7:00  SCV  
  54  7:01  Command Center, Missile Turret x2  
  54  7:03  Missile Turret  
  54  7:04  Missile Turret  
  54  7:09  Missile Turret  
  54  7:12  Stimpack  
  54  7:14  Barracks Tech Lab  
  54  7:19  Supply Depot  
  54  7:21  Supply Depot  
  54  7:23  Supply Depot  
  54  7:39  SCV  
  50  7:51  SCV  
  45  7:52  Marine  
  45  7:53  Marine x4  
  44  8:00  Missile Turret  
  44  8:04  Cyclone, Missile Turret  
  47  8:10  Marine  
  47  8:11  Marine x4  
  50  8:13  Armory  
  50  8:18  Factory  
  50  8:28  Marine x3  
  50  8:32  Missile Turret  
Show
View Real Time Build Order
Export as new Build Order

Strikhue Terran - Winner!

Build Orders: 1/1/1 

Get SALT Encoding   

  12  0:00  SCV  
  13  0:12  SCV  
  14  0:18  Supply Depot  
  14  0:24  SCV  
  14  0:28  Refinery  
  15  0:39  SCV  
  16  0:45  Barracks  
  16  0:53  SCV  
  17  1:06  Refinery, SCV  
  19  1:18  SCV  
  19  1:34  Orbital Command  
  19  1:37  Factory  
  19  1:41  Marine  
  20  1:50  Supply Depot  
  20  2:00  SCV  
  21  2:05  Marine  
  22  2:15  SCV  
  23  2:17  Barracks  
  23  2:26  Starport, Marine  
  24  2:35  Factory Reactor  
  24  2:38  SCV  
  24  2:42  Supply Depot  
  25  2:44  Marine  
  26  3:00  Barracks  
  26  3:02  Marine  
  27  3:09  Marine  
  27  3:29  Medivac x2  
  27  3:33  Marine x2  
  33  3:40  SCV  
  34  3:47  Supply Depot  
  34  3:49  Widow Mine  
  34  3:50  Marine  
  34  3:51  Marine  
  38  4:00  Marine  
  39  4:08  Marine x2  
  41  4:14  Factory Tech Lab  
  41  4:18  Marine  
  41  4:22  Supply Depot  
  42  4:26  Marine x2  
  44  4:32  SCV  
  46  4:40  Supply Depot  
  46  4:44  Barracks Tech Lab, SCV, Siege Tank  
  51  4:46  Medivac x2  
  51  4:49  Barracks Reactor  
  51  4:50  Barracks Reactor  
  53  4:56  Supply Depot  
  53  4:59  Supply Depot  
  51  5:46  Marine x5  
  51  5:48  Stimpack  
  56  5:52  Engineering Bay  
  56  5:59  Medivac x2  
  56  6:03  Marine  
  56  6:04  Marine x4  
  61  6:07  Armory  
  65  6:22  Marine x2  
  65  6:23  Marine  
  68  6:33  Marine  
  68  6:34  Marine  
  68  6:36  Terran Infantry Weapons Level 1  
  70  6:40  Marine  
  70  6:41  Marine x2  
  73  6:47  Supply Depot  
  73  6:51  Marine  
  74  7:06  Supply Depot  
  74  7:07  Marine  
  75  7:09  Thor  
  75  7:11  Supply Depot  
  81  7:41  Marine x5  
  86  7:48  Missile Turret  
  86  7:49  Missile Turret  
  86  7:50  Missile Turret  
  86  7:59  Marine  
  87  8:18  Medivac x2  
  91  8:33  Command Center  
Show
View Real Time Build Order
Export as new Build Order

Ostetheo Protoss - Winner!

Build Orders: 1 Gate Expand 

Get SALT Encoding   

  12  0:01  Probe  
  13  0:13  Probe  
  14  0:17  Pylon  
  14  0:25  Probe  
  15  0:37  Probe (Chrono Boost), Gateway  
  16  0:48  Probe (Chrono Boost)  
  17  0:52  Probe (Chrono Boost)  
  18  1:03  Probe  
  19  1:15  Nexus  
  19  1:18  Probe (Chrono Boost)  
  20  1:29  Cybernetics Core  
  20  1:31  Assimilator  
  20  1:33  Probe (Chrono Boost)  
  21  1:40  Probe, Assimilator  
  22  1:52  Probe  
  23  2:07  Pylon  
  23  2:12  Assimilator  
  23  2:17  Assimilator  
  23  2:22  Pylon  
  23  2:27  Probe (Chrono Boost)  
  25  2:31  Probe (Chrono Boost), Stargate  
  25  2:32  Probe (Chrono Boost)  
  26  2:40  Probe (Chrono Boost)  
  28  2:47  Probe (Chrono Boost)  
  28  2:48  Probe (Chrono Boost)  
  28  2:50  Pylon  
  29  2:54  Probe  
  29  2:55  Probe  
  31  2:59  Stargate  
  31  3:06  Probe  
  31  3:07  Probe  
  33  3:16  Stargate  
  33  3:18  Probe  
  34  3:24  Probe (Chrono Boost)  
  35  3:30  Probe (Chrono Boost)  
  38  3:42  Probe x2 (Chrono Boost)  
  38  3:47  Probe (Chrono Boost)  
  39  3:48  Probe (Chrono Boost)  
  39  3:50  Void Ray  
  39  3:53  Void Ray  
  40  3:57  Probe  
  40  4:02  Void Ray  
  53  4:12  Probe x2  
  55  4:25  Probe x2  
  55  4:27  Void Ray  
  55  4:29  Pylon  
  57  4:37  Probe  
  62  4:41  Void Ray x2 (Chrono Boost)  
  62  4:48  Pylon  
  62  4:51  Pylon  
  70  4:55  Pylon  
  70  5:06  Probe, Fleet Beacon  
  71  5:09  Probe  
  71  5:10  Void Ray (Chrono Boost)  
  72  5:15  Void Ray (Chrono Boost)  
  72  5:18  Probe  
  77  5:21  Probe  
  82  5:31  Probe, Void Ray (Chrono Boost)  
  87  5:43  Probe x2  
  87  5:47  Pylon  
  87  5:49  Pylon  
  89  5:51  Pylon  
  89  5:55  Probe x2  
  91  5:59  Void Ray x2  
  91  6:10  Shield Battery  
  99  6:14  Shield Battery  
  99  6:17  Shield Battery  
  95  6:25  Void Ray  
  95  6:32  Probe (Chrono Boost)  
  97  6:36  Void Ray  
  97  6:37  Probe (Chrono Boost)  
  97  6:42  Probe (Chrono Boost)  
  97  6:46  Probe (Chrono Boost)  
  103  6:56  Void Ray  
  103  6:58  Assimilator  
  103  6:59  Pylon  
  103  7:01  Nexus  
  103  7:02  Void Ray  
  103  7:03  Pylon  
  111  7:08  Assimilator  
  111  7:09  Pylon  
  111  7:12  Probe x2  
  113  7:20  Forge  
  113  7:22  Stargate  
  113  7:24  Probe x2  
  115  7:39  Flux Vanes  
  115  7:40  Void Ray x2  
  123  7:56  Void Ray  
  127  8:07  Void Ray  
  127  8:14  Probe x2  
  129  8:26  Probe x2  
Tags
 
Add a new tag
Caveats
  • Supply blocks, unpowered buildings, or Contaminate may cause inaccurate times.
  • Supply counts are checked every 10 seconds.